 Dungeon Crawl Stone Soup version 0.29-a0-284-gf9362112df (webtiles) character file.

Game seed: 16294897085113120293

2127 spaghetti the Nimble (level 8, 0/60 HPs)
             Began as a Demigod Gladiator on Mar 20, 2022.
             Succumbed to a water moccasin's poison
             ... on level 6 of the Dungeon.
             The game lasted 00:11:32 (6881 turns).

spaghetti the Nimble (Demigod Gladiator)            Turns: 6881, Time: 00:11:33

Health: 0/60       AC:  7    Str: 15    XL:     8   Next: 82%
Magic:  10/10      EV: 21    Int: 10    God:
Gold:   255        SH:  0    Dex: 25    Spells: 7/7 levels left

rFire   . . .      SeeInvis .   m - +2 dagger (venom) {short}
rCold   . . .      Faith    .   (no shield)
rNeg    + . .      Spirit   .   b - +0 leather armour
rPois   .          Reflect  .   c - +0 helmet
rElec   .          Harm     .   q - +0 cloak
rCorr   .          Rampage  .   j - +0 pair of gloves
Will    .....      Clarity  +   l - +0 pair of boots
Stlth   ++........              (no amulet)
HPRegen 0.20/turn               h - ring of positive energy
MPRegen 0.12/turn               (no ring)

@: lethally poisoned (0 -> -1)
A: high MP 1, forlorn, divine attributes, agile 1, clarity
a: no special abilities


You were on level 6 of the Dungeon.
You visited 1 branch of the dungeon, and saw 6 of its levels.

You collected 255 gold pieces.


Innate Abilities, Weirdness & Mutations

You have an increased reservoir of magic. (+10% MP)
You shall have no god before yourself.
Your divine heritage dramatically boosts your attributes as you level up.
You are agile. (Dex +2)
You possess an exceptional clarity of mind.


   Skills:
 - Level 1.7 Fighting
 - Level 2.6 Long Blades
 - Level 1.7 Throwing
 + Level 11.3 Dodging


You had 7 spell levels left.
You didn't know any spells.
Your spell library contained the following spells:

 Spells                   Type           Power      Damage    Failure   Level
 Ensorcelled Hibernation  Hex/Ice        0%         N/A       56%         2
 Passwall                 Tmut/Erth      0%         N/A       56%         2
 Swiftness                Air            0%         N/A       80%         3

Inventory:

Hand Weapons
 a - a +0 long sword {long}
 m - a +2 dagger of venom (weapon) {short}
   (You took it off a goblin on level 2 of the Dungeon)
Missiles
 d - 3 throwing nets {=f!fthrowing}
 e - 6 javelins {throwing}
 i - 50 stones (quivered) {throwing}
 t - 11 poisoned darts {throwing}
 u - 3 silver boomerangs {throwing}
Armour
 b - a +0 leather armour (worn)
 c - a +0 helmet (worn)
 j - a +0 pair of gloves (worn)
   (You found it on level 1 of the Dungeon)
 l - a +0 pair of boots (worn)
   (You found it on level 2 of the Dungeon)
 q - a +0 cloak (worn)
   (You took it off Crazy Yiuf on level 2 of the Dungeon)
Jewellery
 h - a ring of positive energy (left hand)
   (You found it on level 2 of the Dungeon)
Wands
 p - a wand of polymorph (2)
   (You took it off Crazy Yiuf on level 2 of the Dungeon)
Scrolls
 f - a scroll of fog
 g - 2 scrolls of magic mapping {!r}
 k - a scroll of torment {!r}

Dungeon Overview and Level Annotations

Branches:
Dungeon (6/15)
 Temple: D:4-7

### #.#
#)##########
#..........#
#.########@#
#.# #####.#
#.# #...#S#
#.####)#'#o#
#.##.)..oo.#
#.##.......#
#..+.......#
#.......#
#..........#


You could see a water moccasin and 2 orcs.


Message History

The orc warrior looks as sick as possible!
The orc closely misses you. x2; The orc warrior closely misses you.
You completely miss the orc warrior. The orc completely misses you.
The orc closely misses you.
The orc warrior barely misses you. 😕 HP[+1]
You hit the orc warrior.
The orc warrior looks as sick as possible!
The orc misses you. The orc warrior barely misses you.
The orc hits you but does no damage.
You hit the orc warrior but do no damage.
The orc warrior looks as sick as possible!
The orc hits you but does no damage. The orc misses you.
The orc warrior closely misses you.
You hit the orc warrior but do no damage.
The orc warrior looks as sick as possible!
The orc warrior misses you. The orc barely misses you. The orc misses you.
You barely miss the orc warrior. The orc misses you.
The orc completely misses you. The orc warrior misses you.
You hit the orc warrior but do no damage.
The orc warrior looks as sick as possible!
The orc closely misses you. The orc misses you.
The orc warrior hits you with a +0 trident. 😕 HP[-3]
You take 3 damage, and now have 46/58 hp.
You hit the orc warrior but do no damage.
The orc hits you with a +0 hand axe.
The orc warrior hits you with a +0 trident!
The orc closely misses you.
You are too injured to fight recklessly! 😮 HP[-16]
You take 16 damage, and now have 30/58 hp.
MASSIVE DAMAGE!! (PAUSE)
The orc warrior hits you from afar with a +0 trident!
* * * LOW HITPOINT WARNING * * *
😱 HP[-17]
You take 17 damage, and now have 13/58 hp.
MASSIVE DAMAGE!! (PAUSE)
You hit the orc.
The orc is poisoned.
You kill the orc warrior!
You kill the orc!
Your life force feels restored.
You now have 60 max hp (+2).
The orc barely misses you. The orc completely misses you.
There is an open door, spattered with blood here.
Things that are here:
a +0 hand axe {axe}; an orc corpse You closely miss the orc.
The orc completely misses you. The orc misses you.
The water moccasin misses you.
The water moccasin completely misses you. 😱 HP[+1]
You aren't carrying any potions.
Okay, then.
You barely miss the water moccasin. The water moccasin misses you.
You hit the water moccasin.
The water moccasin bites you but does no damage.
You miss the water moccasin. The water moccasin barely misses you.
You closely miss the water moccasin. The water moccasin closely misses you.
The water moccasin bites you.
* * * LOW HITPOINT WARNING * * *
You are lethally poisoned!
The water moccasin poisons you! 😱 HP[-6]
You take 6 damage, and now have 8/60 hp.
Unknown command.
Unknown command.
Unknown command.
* * * LOW HITPOINT WARNING * * *
You feel sick. 😱 HP[-1]
You take 1 damage, and now have 7/60 hp.
You open the door.
* * * LOW HITPOINT WARNING * * *
You feel sick. The water moccasin misses you.
The water moccasin closely misses you. 😱 HP[-2]
You take 2 damage, and now have 5/60 hp.
Unknown command.
* * * LOW HITPOINT WARNING * * *
You feel sick. The water moccasin misses you.
There is an open door here. 😱 HP[-1]
You take 1 damage, and now have 4/60 hp.
Unknown command.
The orc attacks as you move away! The orc completely misses you.
* * * LOW HITPOINT WARNING * * *
You feel sick. 😱 HP[-1]
You take 1 damage, and now have 3/60 hp.
* * * LOW HITPOINT WARNING * * *
You feel sick.
The water moccasin barely misses you. 😱 HP[-1]
You take 1 damage, and now have 2/60 hp.
* * * LOW HITPOINT WARNING * * *
You feel sick.
* * * LOW HITPOINT WARNING * * *
You feel sick.
The water moccasin barely misses you. 😱 HP[-1]
You take 1 damage, and now have 1/60 hp.
The water moccasin attacks as you move away!
The water moccasin closely misses you.
You die...

Skill      XL: |  1  2  3  4  5  6  7  8 |
---------------+-------------------------+-----
Dodging        | 3 4 5 6 7 9 11 | 11.3
Fighting       | |  1.7
Long Blades    | |  2.6
Throwing       | |  1.7

Action                   |  1- 3 |  4- 6 |  7- 9 || total
-------------------------+-------+-------+-------++-------
Melee: Long sword        |   116 |     3 |       ||   119
       Punch             |     1 |       |     4 ||     5
       Dagger            |       |   173 |   233 ||   406
       Unarmed           |       |     2 |       ||     2
Throw: Stone             |       |       |    17 ||    17
  Use: Scroll            |     5 |     2 |     4 ||    11
       Potion            |       |     4 |     8 ||    12
 Stab: Sleeping          |       |     2 |     5 ||     7
Armor: Leather armour    |    50 |    49 |    37 ||   136
       Skin              |       |       |    39 ||    39
Dodge: Dodged            |   115 |   134 |   239 ||   488

Levels and vault maps discovered:
D:1:      nzn_arrival_settlement, layout_basic
D:2:      layout_basic, shapermc_ecumenical_altar_hornbeckon, basic_altar,
          uniq_crazy_yiuf_cottage, uniq_robin
D:3:      layout_loops_ring, grunt_gozag_statues, dk_noncrumbling_3
D:4:      layout_cave_pools, mainiacjoe_overflow_big_doors,
          mainiacjoe_overflow_alcove_4, gup_sewer_entry_pipe,
          hangedman_decor_peaks_small, uniq_grinder, uniq_duvessa
D:5:      layout_loops_ring, nicolae_fountain_basement, uniq_eustachio
D:6:      layout_basic, nicolae_ru_great_annihilating_truth,
          mainiacjoe_overflow_paths, minmay_misc_feat_columns, uniq_maggie

Notes
Turn   | Place    | Note
-------+----------+-------------------------------------------
     0 | D:1      | spaghetti the Demigod Gladiator began the quest for the
                  | Orb.
     0 | D:1      | Reached XP level 1. HP: 17/17 MP: 3/3
     0 | D:1      | magus.rc [v1.9.6]
    62 | D:1      | Reached skill level 3 in Dodging
   158 | D:1      | You pick up a book of Burglary and begin reading...
   158 | D:1      | You add the spells Passwall, Ensorcelled Hibernation and
                  | Swiftness to your library.
   245 | D:1      | Reached XP level 2. HP: 17/24 MP: 4/4
  1223 | D:2      | Reached XP level 3. HP: 29/29 MP: 5/5
  1341 | D:2      | Reached skill level 4 in Dodging
  1657 | D:2      | Noticed Robin
  1671 | D:2      | Killed Robin
  1673 | D:2      | Reached XP level 4. HP: 19/36 MP: 6/6
  2058 | D:2      | Reached skill level 5 in Dodging
  2354 | D:2      | Found a runed translucent door.
  2355 | D:2      | Noticed Crazy Yiuf
  2363 | D:2      | Killed Crazy Yiuf
  2955 | D:3      | Reached XP level 5. HP: 40/41 MP: 7/7
  3730 | D:4      | Noticed a water moccasin
  3746 | D:4      | HP: 10/41 [water moccasin (2)]
  3747 | D:4      | Gained mutation: You possess an exceptional clarity of
                  | mind. [potion of mutation]
  3747 | D:4      | Gained mutation: You are agile. (Dex +2) [potion of
                  | mutation]
  3747 | D:4      | HP: 3/41 [poisoned by a water moccasin]
  3748 | D:4      | Killed a water moccasin
  3749 | D:4      | Reached skill level 6 in Dodging
  3751 | D:4      | Reached XP level 6. HP: 13/48 MP: 8/8
  4104 | D:4      | Noticed Duvessa
  4105 | D:4      | Noticed Dowan
  4109 | D:4      | Killed Duvessa
  4110 | D:4      | Reached skill level 7 in Dodging
  4115 | D:4      | Killed Dowan
  4202 | D:4      | Reached XP level 7. HP: 30/53 MP: 9/9
  4439 | D:4      | Reached skill level 8 in Dodging
  4548 | D:4      | HP: 14/79 [black bear (7)]
  4908 | D:4      | Noticed Grinder
  4916 | D:4      | Paralysed by Grinder for 7 turns
  4931 | D:4      | Killed Grinder
  4932 | D:4      | Reached skill level 9 in Dodging
  5202 | D:5      | Entered Level 5 of the Dungeon
  5232 | D:5      | Noticed Eustachio
  5244 | D:5      | Killed Eustachio
  5245 | D:5      | Reached XP level 8. HP: 29/60 MP: 10/10
  5478 | D:5      | Reached skill level 10 in Dodging
  5514 | D:5      | HP: 18/90 [water moccasin (5)]
  5519 | D:5      | HP: 18/90 [water moccasin (2)]
  6164 | D:5      | HP: 20/82 [wight/+0 dire flail (4)]
  6454 | D:5      | Reached skill level 11 in Dodging
  6865 | D:6      | HP: 13/58 [orc warrior/+0 trident (17)]
  6873 | D:6      | HP: 8/60 [water moccasin (6)]
  6877 | D:6      | HP: 3/60 [poisoned by a water moccasin]
  6880 | D:6      | HP: 1/60 [poisoned by a water moccasin]
  6881 | D:6      | Succumbed to a water moccasin's poison

Vanquished Creatures
  Grinder (D:4)
  Eustachio (D:5)
  6 water moccasins
  Duvessa (D:4)
  An orc warrior (D:6)
  2 black bears (D:4)
  A necrophage (D:4)
  2 scorpions
  A wight (D:6)
  Dowan (D:4)
  A howler monkey (D:5)
  Crazy Yiuf (D:2)
  2 hounds
  An orc priest (D:4)
  2 iguanas (D:5)
  3 orc wizards (D:5)
  Robin (D:2)
  10 adders
  A worm (D:4)
  4 dart slugs
  12 orcs
  8 ball pythons
  7 bats
  7 endoplasms
  3 giant cockroaches
  12 goblins
  9 hobgoblins
  8 jackals
  4 quokkas
  6 frilled lizards
  7 kobolds
  4 rats
130 creatures vanquished.

Table legend:
 A = Non-vault XP
 B = Vault XP
 C = Vault XP percentage of total XP
 D = Non-vault monster count
 E = Vault monster count
 F = Vault count percentage of total count
                 A         B        C        D         E       F
            +---------+---------+-------+---------+---------+-------
      Total |    2217 |     822 |  27.0 |     111 |      19 |  14.6
            +---------+---------+-------+---------+---------+-------
        D:1 |      44 |       0 |   0.0 |      25 |       0 |   0.0
        D:2 |      92 |      72 |  43.9 |      25 |      10 |  28.6
        D:3 |      42 |       0 |   0.0 |      16 |       0 |   0.0
        D:4 |     750 |     490 |  39.5 |      26 |       6 |  18.8
        D:5 |    1072 |     260 |  19.5 |      16 |       3 |  15.8
        D:6 |     217 |       0 |   0.0 |       3 |       0 |   0.0
            +---------+---------+-------+---------+---------+-------

Illustrated notes

Table legend:
 A = Kills in this place as a percentage of kills in entire the game.
 B = Kills by you in this place as a percentage of kills by you in the entire game.
 C = Kills by friends in this place as a percentage of kills by friends in the entire game.
 D = Other kills in this place as a percentage of other kills in the entire game.
 E = Experience gained in this place as a percentage of experience gained in the entire game.
 F = Experience gained in this place divided by the number of levels of this place that you have seen.
                   A       B       C       D       E      F
               +-------+-------+-------+-------+-------+----------------------
         Total | 100.0 | 100.0 |   N/A |   N/A | 100.0 | 506.5
       Dungeon | 100.0 | 100.0 |   N/A |   N/A | 100.0 | 506.5
               +-------+-------+-------+-------+-------+----------------------

Table legend: (Time is in decaauts)
 A = Elapsed time spent in this place.
 B = Non-inter-level travel time spent in this place.
 C = Inter-level travel time spent in this place.
 D = Time resting spent in this place.
 E = Time spent auto-exploring this place.
 F = Levels seen in this place.
 G = Mean time per level.
                   A        B        C        D        E       F      G
               +--------+--------+--------+--------+--------+-----+--------+
         Total |   6921 |   6676 |    245 |   2618 |   2828 |   6 | 1153.5 |
       Dungeon |   6921 |   6676 |    245 |   2618 |   2828 |   6 | 1153.5 |
               +--------+--------+--------+--------+--------+-----+--------+

Top non-repeatable levels by time:
     D:4: 1602 daAuts
     D:3: 1309 daAuts
     D:2: 1302 daAuts
     D:1: 1211 daAuts
     D:5: 1205 daAuts
     D:6: 290 daAuts
